Map: 서브머린 - 래더

Players

LiquidClem (Clem) - Winner!

  • Race: Terran Terran
  • Spawn Location: 5:00

Stats

  • Race: Protoss Protoss
  • Spawn Location: 11:00

Event: StayAtHomestory Cup #2

VOD

Have the link to the VOD?

Description

Time

  • Played on: June 12, 2020, 3:02 p.m.
  • Length: 12:00

All games in this series

Show
View Real Time Build Order
Export as new Build Order

LiquidClem Terran - Winner!

Build Orders: Reaper Expand 

Get SALT Encoding   

  12  0:00  SCV  
  13  0:12  SCV  
  14  0:17  Supply Depot  
  14  0:25  SCV  
  15  0:38  SCV  
  15  0:39  Barracks  
  16  0:45  Refinery  
  16  0:50  SCV  
  17  1:02  SCV  
  18  1:14  SCV  
  19  1:27  Orbital Command  
  19  1:28  Reaper  
  20  1:43  Command Center  
  20  1:52  Supply Depot  
  20  1:54  SCV  
  20  1:59  Marine  
  22  2:06  SCV  
  23  2:10  Factory  
  23  2:17  Bunker  
  23  2:18  SCV  
  23  2:22  Barracks Reactor  
  24  2:27  Refinery  
  24  2:31  SCV  
  25  2:43  SCV  
  26  2:55  SCV  
  26  2:57  Hellion  
  28  2:59  Marine x2  
  28  3:01  Starport  
  28  3:03  Orbital Command  
  30  3:07  SCV  
  31  3:18  Factory Tech Lab  
  31  3:19  SCV, Marine x2  
  34  3:30  SCV  
  34  3:31  SCV  
  34  3:32  Supply Depot  
  36  3:37  Marine x2  
  38  3:42  SCV  
  38  3:43  SCV, Factory Tech Lab  
  38  3:46  Barracks  
  38  3:48  Raven  
  42  3:55  Barracks, SCV  
  43  3:56  SCV  
  43  4:01  Marine x2  
  46  4:07  SCV  
  46  4:08  SCV  
  47  4:11  Siege Tank  
  47  4:15  Engineering Bay  
  50  4:17  Supply Depot  
  50  4:22  Refinery  
  50  4:24  Marine x2  
  51  4:25  SCV  
  51  4:28  SCV  
  54  4:37  Supply Depot  
  54  4:38  Starport Reactor  
  54  4:39  SCV  
  54  4:41  SCV  
  54  4:43  Terran Infantry Weapons Level 1  
  54  4:45  Marine  
  57  4:46  Marine  
  57  4:50  Marine  
  57  4:51  SCV, Marine  
  61  4:53  Stimpack  
  61  4:55  Missile Turret  
  61  4:57  SCV  
  62  5:03  SCV, Marine  
  62  5:05  Missile Turret  
  62  5:06  Combat Shield  
  64  5:10  SCV  
  64  5:11  Supply Depot  
  65  5:15  Marauder  
  65  5:17  Marauder  
  65  5:18  SCV  
  70  5:26  Supply Depot  
  70  5:32  SCV, Marine x2, Refinery  
  70  5:34  SCV  
  70  5:35  Supply Depot  
  74  5:38  Marauder  
  74  5:41  Factory Reactor, Marauder  
  78  5:49  SCV  
  78  5:52  Marine x2  
  78  5:56  Medivac  
  82  5:59  Marauder, Medivac  
  82  6:02  Marauder, Supply Depot  
  87  6:05  Supply Depot  
  87  6:10  Marine x2  
  89  6:19  Widow Mine x2  
  89  6:22  Supply Depot  
  89  6:24  Marauder x2  
  89  6:25  Concussive Shells  
  97  6:28  Marine x2  
  97  6:30  SCV x2  
  99  6:35  Medivac x2  
  103  6:45  SCV, Marine, Marauder  
  107  6:53  Marine  
  107  6:54  Marine, Command Center  
  109  6:57  Terran Infantry Armor Level 1  
  109  7:03  Marauder  
  109  7:07  SCV  
  114  7:17  Barracks x2  
  114  7:20  Marauder  
  112  7:24  SCV x2  
  112  7:25  Medivac  
  112  7:26  Starport, Medivac  
  118  7:34  Marine x2, Supply Depot  
  118  7:35  Marauder  
  118  7:36  SCV  
  123  7:44  SCV, Marauder  
  123  7:45  Supply Depot  
  126  7:56  SCV x2, Marauder  
  130  8:02  Viking x2  
  130  8:05  Supply Depot  
  134  8:06  Barracks Reactor, Barracks Tech Lab, Marauder  
  134  8:08  SCV x2  
  134  8:10  Marine x2  
  140  8:13  Viking  
  140  8:18  Marauder  
  138  8:27  Marauder  
  138  8:30  Marine x2  
  138  8:32  Marauder  
  144  8:39  SCV, Marauder  
  136  8:42  SCV  
  135  8:48  Marauder  
  135  8:49  Viking x2  
  135  8:50  Marine  
  135  8:51  Marine  
  135  8:53  SCV, Orbital Command  
  135  8:54  Marauder  
  135  8:55  SCV  
  142  9:00  Ghost Academy  
  142  9:01  Marauder  
  142  9:02  Viking  
  146  9:05  Viking  
  150  9:10  SCV, Marauder  
  150  9:11  SCV  
  150  9:13  Supply Depot  
  152  9:20  Refinery x2  
  152  9:21  Marine, Supply Depot  
  152  9:22  SCV, Viking  
  156  9:24  Viking  
  156  9:27  Marine  
  156  9:28  Marine x2  
  161  9:32  Ghost x2  
  161  9:37  Ghost  
  165  9:41  Viking, Marine  
  165  9:42  Supply Depot  
  168  9:51  Marine x3  
  171  9:53  Supply Depot  
  171  9:57  Command Center  
  170  10:03  Missile Turret x2  
  170  10:06  Marine, Marauder x2  
  175  10:07  Missile Turret  
  168  10:14  Medivac  
  168  10:15  Marine x2  
  168  10:16  Marauder  
  168  10:18  Marine  
  168  10:20  Medivac x2  
  177  10:27  Marine x2  
  177  10:28  Marauder  
  181  10:30  Supply Depot  
  181  10:31  SCV  
  181  10:32  Marine  
  175  10:37  Marauder  
  162  10:42  Marine  
  162  10:44  Medivac  
  162  10:46  Marauder  
  162  10:49  Marauder, Marine x2, Medivac  
  165  10:52  Marine  
  166  10:59  Marauder  
  166  11:00  Armory  
  166  11:01  Engineering Bay, Marine  
  169  11:07  Marine, Marauder  
  169  11:11  Marauder  
  174  11:12  Marine  
  174  11:15  Marine  
  174  11:17  SCV  
  171  11:24  SCV  
  174  11:28  Marine x2  
  174  11:29  Marauder  
  174  11:32  Marauder  
  187  11:40  SCV  
Show
View Real Time Build Order
Export as new Build Order

Stats Protoss 

Build Orders: 1 Gate Expand, Zealot Archon, Archon Drop, Colossus Rush, Dark Templar Rush 

Get SALT Encoding   

  12  0:00  Probe  
  13  0:13  Probe  
  14  0:17  Pylon  
  14  0:24  Probe  
  15  0:32  Probe  
  15  0:37  Gateway  
  15  0:40  Probe  
  16  0:45  Assimilator  
  17  0:51  Probe  
  18  1:03  Probe  
  19  1:15  Probe  
  20  1:24  Cybernetics Core  
  20  1:33  Nexus  
  20  1:35  Probe  
  21  1:42  Pylon  
  21  1:47  Assimilator  
  21  1:49  Probe  
  21  1:51  Adept  
  22  2:01  Probe  
  25  2:05  Shield Battery  
  25  2:07  Warp Gate  
  25  2:11  Stalker  
  25  2:13  Probe  
  28  2:25  Probe  
  29  2:32  Twilight Council  
  29  2:38  Probe  
  29  2:41  Probe  
  31  2:51  Probe  
  31  2:55  Probe  
  31  2:58  Pylon  
  33  3:02  Probe  
  34  3:07  Probe  
  35  3:14  Probe  
  35  3:16  Dark Shrine  
  35  3:17  Gateway  
  36  3:20  Probe  
  36  3:27  Probe  
  37  3:32  Probe  
  39  3:37  Gateway  
  39  3:39  Probe, Robotics Facility, Shield Battery  
  40  3:45  Probe  
  41  3:51  Probe  
  41  3:53  Assimilator  
  42  3:56  Assimilator  
  42  3:57  Probe  
  42  4:01  Probe  
  43  4:09  Probe  
  44  4:10  Probe  
  44  4:14  Pylon  
  45  4:17  Stalker  
  45  4:18  Probe  
  45  4:22  Probe  
  49  4:24  Warp Prism  
  49  4:30  Probe  
  49  4:31  Dark Templar x2  
  49  4:34  Probe  
  56  4:40  Dark Templar  
  56  4:42  Probe  
  56  4:45  Robotics Bay  
  59  4:55  Pylon  
  57  5:03  Nexus  
  57  5:10  Observer  
  58  5:14  Probe x2  
  58  5:16  Pylon  
  58  5:20  Archon, Dark Templar x2  
  64  5:23  Pylon  
  64  5:26  Archon, Blink  
  64  5:29  Probe  
  64  5:30  Probe  
  64  5:32  Colossus  
  66  5:39  Shield Battery  
  66  5:46  Probe x2  
  74  5:58  Probe x2  
  74  6:00  Shield Battery, Pylon  
  74  6:02  Gateway  
  76  6:05  Extended Thermal Lance  
  76  6:10  Probe x2  
  78  6:15  Probe  
  79  6:19  Sentry  
  79  6:22  Probe, Zealot x2  
  79  6:24  Colossus  
  86  6:26  Gateway  
  86  6:32  Probe  
  93  6:33  Probe  
  93  6:37  Probe  
  95  6:46  Probe  
  96  6:48  Stalker  
  96  6:49  Stalker x2  
  102  7:12  Probe  
  102  7:14  Colossus  
  105  7:15  Gateway  
  105  7:17  Charge  
  105  7:18  Observer, Forge, Gateway  
  105  7:20  Gateway  
  109  7:22  Forge  
  109  7:25  Pylon  
  109  7:27  Pylon, Assimilator  
  109  7:29  Pylon  
  109  7:31  Assimilator  
  109  7:37  Probe  
  109  7:39  Protoss Ground Weapons Level 1  
  109  7:42  Probe  
  109  7:43  Probe  
  110  7:45  Zealot x5  
  110  7:50  Gateway  
  120  7:53  Probe, Pylon  
  120  7:54  Probe, Pylon  
  120  7:56  Probe  
  120  7:58  Pylon  
  123  7:59  Pylon  
  123  8:05  Observer  
  123  8:08  Gravitic Drive  
  124  8:19  Zealot x2, Stalker x4  
  136  8:20  Zealot  
  113  8:41  Zealot x3  
  113  8:46  Observer, Stalker x5  
  123  9:05  Stalker x3  
  129  9:13  Observer  
  129  9:16  Robotics Facility  
  130  9:18  Dark Shrine  
  130  9:21  Nexus, Pylon  
  130  9:23  Pylon  
  130  9:24  Pylon  
  130  9:26  Photon Cannon, Pylon  
  130  9:27  Observer  
  131  9:40  Forge, Warp Prism  
  133  9:57  Probe x3  
  136  10:03  Disruptor  
  139  10:07  Zealot x6  
  139  10:12  Disruptor  
  149  10:18  Stalker x2  
  151  10:29  Zealot  
  151  10:30  Zealot x5  
  128  10:45  Disruptor  
  128  10:47  Disruptor  
  128  11:00  Observer  
  127  11:10  Nexus  
  125  11:11  Zealot x2  
  125  11:15  Stalker x6  
  143  11:35  Pylon  
  141  11:52  Dark Templar  
  141  11:53  Dark Templar x7  
Tags
 
Add a new tag
Caveats
  • Supply blocks, unpowered buildings, or Contaminate may cause inaccurate times.
  • Supply counts are checked every 10 seconds.